 Dungeon Crawl Stone Soup version 0.29.0-11-gd7f09526c8 (webtiles) character file.

Game seed: 8539479803226120795

1 ILmort the Shield-Bearer (level 1, 0/19 HPs)
             Began as a Minotaur Fighter on Sept 4, 2022.
             Slain by a hobgoblin (2 damage)
             ... on level 1 of the Dungeon.
             The game lasted 00:00:17 (26 turns).

ILmort the Shield-Bearer (Minotaur Fighter)           Turns: 26, Time: 00:00:18

Health: 0/19       AC:  6    Str: 20    XL:     1   Next: 16%
Magic:  0/0        EV:  6    Int:  5    God:
Gold:   0          SH:  4    Dex:  9    Spells: 0/0 levels left

rFire   . . .      SeeInvis .   a - +0 flail
rCold   . . .      Faith    .   c - +0 buckler
rNeg    . . .      Spirit   .   b - +0 scale mail
rPois   .          Reflect  .   (helmet restricted)
rElec   .          Harm     .   (no cloak)
rCorr   .          Rampage  .   (no gloves)
Will    .....                   (no boots)
Stlth   ..........              (no amulet)
HPRegen 0.06/turn               (no ring)
MPRegen 0.07/turn               (no ring)

@: constricted
A: horns 2, retaliatory headbutt
a: no special abilities


You were on level 1 of the Dungeon.
You visited 1 branch of the dungeon, and saw 1 of its levels.

Inventory:

Hand Weapons
 a - a +0 flail (weapon)
Armour
 b - a +0 scale mail (worn)
 c - a +0 buckler (worn)
Potions
 d - a potion of might


   Skills:
 + Level 3.6 Fighting
 * Level 2.5 Maces & Flails
 + Level 3.6 Armour
 + Level 3.6 Shields


You couldn't memorise any spells.
You didn't know any spells.
Your spell library was empty.

Dungeon Overview and Level Annotations

Branches:
Dungeon (1/15)

Altars:


Innate Abilities, Weirdness & Mutations

You have a pair of horns on your head.
You reflexively headbutt those who attack you in melee.


Message History

The ball python bites you but does no damage.
The ball python grabs you. The ball python constricts you.
The quokka bites you.
The hobgoblin hits you but does no damage.
The ball python bites you but does no damage.
The ball python constricts you. You block the quokka's attack.
You are too injured to fight recklessly!
You are too injured to fight recklessly!
You are too injured to fight recklessly!
You are too injured to fight recklessly!
You are too injured to fight recklessly!
You are too injured to fight recklessly!
You are too injured to fight recklessly!
You are too injured to fight recklessly!
You are too injured to fight recklessly!
You barely miss the ball python. The ball python bites you.
The ball python constricts you. The quokka bites you.
The hobgoblin barely misses you. The goblin hits you but does no damage.
The ball python bites you.
You escape the ball python's grasp.
The goblin attacks as you move away! The goblin barely misses you.
You furiously retaliate!
You headbutt the goblin.
The ball python attacks as you move away!
The ball python bites you. The ball python barely misses you.
The ball python attacks as you move away!
The ball python barely misses you.
The quokka bites you but does no damage.
The quokka attacks as you move away!
The quokka bites you but does no damage.
You barely miss the goblin. You headbutt the goblin.
You kill the goblin!
The ball python closely misses you. The ball python grabs you.
The ball python constricts you.
* * * LOW HITPOINT WARNING * * *
The hobgoblin hits you.
* * * LOW HITPOINT WARNING * * *
The ball python bites you.
* * * LOW HITPOINT WARNING * * *
The ball python constricts you. The ball python completely misses you.
The hobgoblin hits you.
You die...

...... #.....
..... ## ###
##...##
#∩###.∩##∩...∩#
##........)...÷##
#∩......!......∩#
#.$....Sg....÷##
##......@Sr....#
#∩......∩∩.##..#
#∩)........##..∩#
#.............∩#
##......#.#######
#∩.....##.#
#......∩#..
##...÷.∩#...
##.÷...∩#...


You could see a quokka, a hobgoblin and 2 ball pythons.

Vanquished Creatures
  A goblin (D:1)
  A kobold (D:1)
2 creatures vanquished.

Notes
Turn   | Place    | Note
-------+----------+-------------------------------------------
     0 | D:1      | ILmort the Minotaur Fighter began the quest for the Orb.
     0 | D:1      | Reached XP level 1. HP: 19/19 MP: 0/0
    26 | D:1      | Slain by a hobgoblin

Illustrated notes

Levels and vault maps discovered:
D:1:      amcnicky_arrival_abandoned_market, layout_rooms

Action                   || total
-------------------------++-------
Melee: Flail             ||     7
       Headbutt          ||     2
Armor: Scale mail        ||    12
Dodge: Dodged            ||    10
Block: Buckler           ||     3
